[Event "Titled Tuesday Blitz November 07 Early 2023"]
[White "Hambleton, Aman"]
[Black "Reprintsev, Alexander"]
[WhiteFideId "2606577"]
[BlackFideId "14100541"]
[WhiteElo "2763"]
[BlackElo "2490"]
[Result "0-1"]
[Round "3"]
[TimeControl "180+1"]
[Date "2023.11.07"]
[WhiteClock "0:00:04"]
[BlackClock "0:00:05"]
[Board "90"]

1. d4 d5 2. c4 e5 3. dxe5 d4 4. a3 Nc6 5. e3 Nge7 6. Nf3 Bg4 7. Be2 dxe3 8. Qxd8+ Rxd8 9. Bxe3 Bxf3 10. Bxf3 Nxe5 11. Bxb7 Nxc4 12. Bxa7 c6 13. Bc5 Na5 14. Bb6 Nxb7 15. Bxd8 Kxd8 16. Nd2 Nd5 17. O-O Be7 18. Rac1 Kd7 19. Nc4 Bf6 20. Rc2 Nd6 21. Na5 Rc8 22. Rd1 Bd8 23. Nb3 Bb6 24. g3 f5 25. Kg2 g5 26. Nd4 f4 27. Nf3 Nf7 28. gxf4 gxf4 29. Rc4 Rg8+ 30. Kf1 Bc7 31. b4 Ra8 32. b5 Rxa3 33. bxc6+ Kd6 34. Rcd4 Rxf3 35. Rxd5+ Kxc6 36. Rf5 Nd6 37. Rc1+ Kd7 38. Rh5 Bb6 39. Rxh7+ Ke6 40. Rh6+ Ke5 41. Rc2 Bd4 42. Rh5+ Nf5 43. Kg2 Rc3 44. Re2+ Kf6 45. f3 Rc1 46. Rh8 Rg1+ 47. Kh3 Rg5 48. Re4 Be3 49. Ra4 Ng7 50. Ra6+ Kf7 51. Rh4 Nf5 52. Rc6 Nxh4 53. Rc7+ Kf6 54. Kxh4 Rg2 55. Kh3 Rg1 56. Rc6+ Ke5 57. Ra6 Kd4 58. Rd6+ Kc3 59. Rd7 Kc2 60. Kh4 Rg2 61. h3 Rd2 62. Rxd2+ Kxd2 63. Kg4 Ke2 64. h4 Bc1 65. h5 Ke3 66. h6 Bb2 67. h7 Bc3 68. Kh3 Kxf3 69. Kh2 Bh8 70. Kh3 Kf2 71. Kg4 f3 72. Kf5 Kg2 73. Kg6 f2 74. Kf7 f1=Q+ 75. Kg8 Bc3 76. h8=Q Bxh8 77. Kh7 Qa6 78. Kg8 Qb7 79. Kf8 Kf3 80. Kg8 Qg7# 0-1


[Site "https://www.chess.com"]

[Event "Titled Tuesday Blitz November 07 Early 2023"]
[White "Rosen, Eric"]
[Black "Garagulya, Konstantin"]
[WhiteFideId "2032562"]
[BlackFideId "4128931"]
[WhiteElo "2742"]
[BlackElo "2489"]
[Result "1-0"]
[Round "3"]
[TimeControl "180+1"]
[Date "2023.11.07"]
[WhiteClock "0:00:04"]
[BlackClock "0:00:00"]
[Board "91"]

1. e4 c5 2. Nc3 a6 3. g3 b5 4. Bg2 Bb7 5. d3 e6 6. f4 Ne7 7. Nf3 d5 8. e5 Nf5 9. O-O h5 10. Ne2 d4 11. c3 Nc6 12. a4 Be7 13. h3 Qb6 14. Kh2 Rd8 15. Qb3 dxc3 16. Qxc3 Nb4 17. axb5 Rxd3 18. bxa6 Bxa6 19. Qe1 Nc2 20. Rxa6 Qxa6 21. Qf2 c4 22. Nc3 Ncd4 23. Nxd4 Rxd4 24. Be3 Rd8 25. Ne4 Nxe3 26. Qxe3 Qb5 27. Rf2 Qb3 28. Nc3 O-O 29. Be4 g6 30. g4 hxg4 31. hxg4 Rc8 32. f5 Bc5 33. Qh6 exf5 34. gxf5 Bxf2 35. f6 Bg3+ 36. Kxg3 1-0


[Site "https://www.chess.com"]

[Event "Titled Tuesday Blitz November 07 Early 2023"]
[White "Korchmar, Vasiliy"]
[Black "Kopczynski, Michal"]
[WhiteFideId "24131750"]
[BlackFideId "1124200"]
[WhiteElo "2738"]
[BlackElo "2488"]
[Result "1-0"]
[Round "3"]
[TimeControl "180+1"]
[Date "2023.11.07"]
[WhiteClock "0:00:33"]
[BlackClock "0:00:04"]
[Board "92"]

1. e4 b6 2. d4 Bb7 3. Bd3 e6 4. Nf3 Nf6 5. Qe2 d5 6. e5 Nfd7 7. O-O c5 8. c3 Nc6 9. Nbd2 Qc7 10. Rd1 O-O-O 11. Nf1 h6 12. Ng3 Re8 13. Be3 f5 14. h4 g6 15. c4 cxd4 16. Nxd4 Qxe5 17. Nxc6 Bxc6 18. cxd5 Bxd5 19. Ba6+ Kb8 20. Qd2 Bd6 21. Bd4 Qf4 22. Bxh8 Qxh4 23. Bc3 f4 24. Ne4 Bc7 25. f3 Ne5 26. Bxe5 Bxe5 27. Rac1 Bxe4 28. Qd7 Rf8 29. Qc8+ 1-0


[Site "https://www.chess.com"]

[Event "Titled Tuesday Blitz November 07 Early 2023"]
[White "subham777"]
[Black "Llorente Zaro, Alfonso"]
[BlackFideId "2254131"]
[WhiteElo "2483"]
[BlackElo "2736"]
[Result "0-1"]
[Round "3"]
[TimeControl "180+1"]
[Date "2023.11.07"]
[WhiteClock "0:00:01"]
[BlackClock "0:00:58"]
[Board "93"]

1. e4 c6 2. c4 d5 3. cxd5 cxd5 4. exd5 Nf6 5. Nc3 Nbd7 6. Nf3 Nb6 7. Bb5+ Bd7 8. Bxd7+ Qxd7 9. O-O Nfxd5 10. Re1 e6 11. d4 Rc8 12. Ne5 Qd8 13. Qf3 Qf6 14. Qg3 Nxc3 15. bxc3 Bd6 16. Qd3 O-O 17. Rb1 Rfd8 18. Qg3 Bxe5 19. Rxe5 Qg6 20. Qxg6 hxg6 21. Re3 Nd5 22. Rxb7 Nxe3 23. Bxe3 Rxc3 24. Rxa7 Rxd4 25. g3 Rd1+ 26. Kg2 f6 27. a4 Ra3 28. a5 g5 29. a6 Rda1 30. Ra8+ Kh7 31. a7 e5 32. g4 R1a2 33. Rd8 Rxe3 34. a8=Q Rxa8 35. Rxa8 Rb3 36. Ra7 Kg6 37. f3 Re3 38. Ra4 Kh6 39. Kg3 Rb3 40. Kg2 Rb7 41. Rc4 Kg6 42. Rc6 Re7 43. Ra6 Kf7 44. Kg3 g6 45. h4 gxh4+ 46. Kxh4 Rb7 47. Kg3 Rd7 48. Rb6 Rd3 49. Kg2 Kg7 50. Ra6 Rd4 51. Rb6 Rf4 52. Rc6 Kh6 53. Rb6 Kg5 54. Rb4 Rxb4 0-1


[Site "https://www.chess.com"]

[Event "Titled Tuesday Blitz November 07 Early 2023"]
[White "Kanyamarala, Trisha"]
[Black "Danielyan, Vahe"]
[WhiteFideId "45004722"]
[BlackFideId "13304828"]
[WhiteElo "2482"]
[BlackElo "2728"]
[Result "0-1"]
[Round "3"]
[TimeControl "180+1"]
[Date "2023.11.07"]
[WhiteClock "0:00:23"]
[BlackClock "0:00:19"]
[Board "94"]

1. c4 e5 2. Nc3 Bb4 3. Nd5 Be7 4. g4 Nc6 5. Bg2 d6 6. h3 Nf6 7. d3 O-O 8. Nf3 Nxd5 9. cxd5 Nb4 10. Qb3 a5 11. Bd2 Na6 12. Bxa5 Nc5 13. Qc3 e4 14. Nd2 exd3 15. Bb4 Bf6 16. Qc1 dxe2 17. Bxc5 dxc5 18. Ne4 Bd4 19. Kxe2 b6 20. Rd1 Ba6+ 21. Kf3 Re8 22. Kg3 Kh8 23. Ng5 Qf6 24. Ne4 Rxe4 25. Bxe4 Qxf2# 0-1


[Site "https://www.chess.com"]

[Event "Titled Tuesday Blitz November 07 Early 2023"]
[White "Willy, Stephen"]
[Black "Martinez Ramirez, Lennis"]
[WhiteFideId "30981468"]
[BlackFideId "3509079"]
[WhiteElo "2480"]
[BlackElo "2723"]
[Result "1-0"]
[Round "3"]
[TimeControl "180+1"]
[Date "2023.11.07"]
[WhiteClock "0:00:08"]
[BlackClock "0:01:04"]
[Board "95"]

1. e4 c5 2. c3 Nf6 3. e5 Nd5 4. d4 cxd4 5. Nf3 Nc6 6. Bc4 Nb6 7. Bb3 d5 8. exd6 Qxd6 9. O-O Be6 10. Na3 a6 11. Re1 Bd5 12. Nxd4 Nxd4 13. Qxd4 e6 14. c4 Bxg2 15. Qxd6 Bxd6 16. Kxg2 Nd7 17. Ba4 O-O-O 18. Bg5 f6 19. Be3 Ne5 20. Rad1 Ng4 21. Bb6 Bc7 22. Bxc7 Kxc7 23. Rxe6 Rxd1 24. Bxd1 Ne5 25. Re7+ Kb6 26. Rxg7 Rd8 27. Bf3 Rd2 28. Rxb7+ Kc5 29. b4+ Kd4 30. b5 Rxa2 31. Nb1 a5 32. Rxh7 Rb2 33. Na3 Nd3 34. Rd7+ Kc3 35. Rxd3+ Kxd3 36. c5 Rb3 37. c6 Rxa3 38. b6 Rb3 39. c7 a4 40. c8=Q Rxb6 41. Qa8 Rb4 42. Qd5+ Kc3 43. Be4 a3 44. Qd3+ Kb2 45. Qd2+ Kb3 46. Qc2# 1-0


[Site "https://www.chess.com"]

[Event "Titled Tuesday Blitz November 07 Early 2023"]
[White "Kourkoulos-Arditis, Stamatis"]
[Black "Remolar Gallen, Jose"]
[WhiteFideId "4221990"]
[BlackFideId "2215187"]
[WhiteElo "2720"]
[BlackElo "2477"]
[Result "1-0"]
[Round "3"]
[TimeControl "180+1"]
[Date "2023.11.07"]
[WhiteClock "0:00:12"]
[BlackClock "0:00:15"]
[Board "96"]

1. d4 Nf6 2. Nf3 g6 3. Bg5 Bg7 4. c3 h6 5. Bh4 d6 6. Nbd2 Nbd7 7. e4 e5 8. Bd3 O-O 9. O-O Qe8 10. Re1 Nh5 11. Bf1 Nf4 12. Bg3 Ne6 13. dxe5 dxe5 14. Nc4 Nf4 15. Qd2 g5 16. Ne3 Nf6 17. Bxf4 gxf4 18. Nd5 Nxd5 19. exd5 Bg4 20. Nd4 Qd7 21. Nb3 Rad8 22. f3 Bf5 23. Rad1 b6 24. Bd3 a5 25. Qc2 Bxd3 26. Rxd3 Qa4 27. Re4 Qb5 28. c4 Qb4 29. a3 Qd6 30. c5 bxc5 31. Nxc5 Rb8 32. h3 Rb5 33. Rc4 Rfb8 34. Ne4 Qd8 35. b3 Rxd5 36. Rxd5 Qxd5 37. Rxc7 Qxb3 38. Rc8+ Kh7 39. Nf6# 1-0


[Site "https://www.chess.com"]

[Event "Titled Tuesday Blitz November 07 Early 2023"]
[White "Smirnov, Pavel"]
[Black "Pinto, Daniel"]
[WhiteFideId "4123425"]
[BlackFideId "3303144"]
[WhiteElo "2713"]
[BlackElo "2477"]
[Result "1-0"]
[Round "3"]
[TimeControl "180+1"]
[Date "2023.11.07"]
[WhiteClock "0:02:14"]
[BlackClock "0:00:00"]
[Board "97"]

1. d4 Nf6 2. c4 c5 3. d5 d6 4. Nc3 g6 5. e4 Bg7 6. Be2 O-O 7. Be3 e6 8. Nf3 exd5 9. cxd5 Re8 10. Nd2 b6 11. O-O Ba6 12. Bxa6 Nxa6 13. f3 Rb8 14. a4 Nd7 15. Nc4 Ne5 16. Nxe5 Bxe5 17. Qd2 Nb4 18. Rae1 Qh4 19. f4 Bg7 20. e5 dxe5 21. f5 e4 22. Rf4 Qd8 23. Ref1 Bxc3 24. bxc3 Nxd5 25. fxg6 fxg6 26. Rf7 Re7 27. Rf8+ Qxf8 28. Rxf8+ Kxf8 29. Qxd5 Rbe8 30. Bh6+ 1-0


[Site "https://www.chess.com"]

[Event "Titled Tuesday Blitz November 07 Early 2023"]
[White "Maus7"]
[Black "De Silva, L M S T"]
[BlackFideId "9953698"]
[WhiteElo "2466"]
[BlackElo "2711"]
[Result "0-1"]
[Round "3"]
[TimeControl "180+1"]
[Date "2023.11.07"]
[WhiteClock "0:00:03"]
[BlackClock "0:00:06"]
[Board "98"]

1. d4 g6 2. e4 Bg7 3. Nc3 d6 4. Be3 Nd7 5. Nf3 a6 6. Bc4 e6 7. a4 b6 8. g4 h6 9. h3 Bb7 10. d5 e5 11. Nd2 Ne7 12. Qe2 O-O 13. h4 f5 14. exf5 gxf5 15. gxf5 Nxf5 16. Qg4 Nxe3 17. fxe3 Nf6 18. Qg2 Qd7 19. Nde4 Nxe4 20. Nxe4 b5 21. axb5 axb5 22. Rxa8 Bxa8 23. Bd3 Kh8 24. Ng5 hxg5 25. hxg5+ Kg8 26. Bg6 e4 27. Qxe4 Rf7 28. Bxf7+ Kxf7 29. Qh7 Bxd5 30. Rf1+ Ke8 31. Qg6+ Kd8 32. Rh1 Bxb2 33. Rh7 Qc6 34. Qf5 Bc3+ 35. Kf2 Qe8 36. g6 Qe6 37. Qf8+ Qe8 38. Qf5 Be6 39. Qf3 Be5 40. g7 Bg8 41. Rh8 Bxg7 42. Rh5 Be6 43. Rg5 Be5 44. Qa8+ Kd7 45. Qb7 Qf7+ 46. Ke2 Bc4+ 47. Ke1 Qd5 48. Rg7+ Bxg7 49. Qb8 Bc3+ 50. Kf2 Qd2+ 51. Kf3 Bd5+ 52. Kg4 Qg2+ 53. Kh5 Bf7+ 0-1


[Site "https://www.chess.com"]

[Event "Titled Tuesday Blitz November 07 Early 2023"]
[White "Savitha Shri B"]
[Black "Hasangatin, Ramil"]
[WhiteFideId "35061887"]
[BlackFideId "4122160"]
[WhiteElo "2465"]
[BlackElo "2700"]
[Result "0-1"]
[Round "3"]
[TimeControl "180+1"]
[Date "2023.11.07"]
[WhiteClock "0:00:12"]
[BlackClock "0:00:08"]
[Board "99"]

1. e4 d5 2. exd5 Qxd5 3. Nc3 Qd6 4. Nf3 Nf6 5. d4 Bg4 6. Be3 c6 7. Be2 Nbd7 8. h3 Bh5 9. O-O e6 10. Qd2 Qc7 11. Bf4 Bd6 12. Bxd6 Qxd6 13. Qe3 O-O 14. Rad1 Rad8 15. Ne5 Bxe2 16. Qxe2 Nd5 17. Ne4 Qc7 18. c4 N5b6 19. Qh5 f6 20. Nxd7 Rxd7 21. Nc5 Re7 22. b3 Nd7 23. Ne4 e5 24. d5 cxd5 25. cxd5 Qc2 26. Qf5 Qxa2 27. d6 Ref7 28. Qe6 Qa5 29. Rd5 Qd8 30. Rc1 Nb6 31. Rdd1 Qd7 32. Nc5 Qxe6 33. Nxe6 Re8 34. Nc7 Rd8 35. Ne6 Re8 36. Nc7 Rc8 37. Ne6 Rxc1 38. Rxc1 Rd7 39. Nc5 Rxd6 40. Nxb7 Rd5 41. b4 Kf7 42. Rc7+ Kg6 43. Nc5 Rd1+ 44. Kh2 Nd5 45. Rd7 Ne3 46. Rxa7 Nf1+ 47. Kg1 Ng3+ 48. Kh2 Nf1+ 49. Kg1 f5 50. g4 f4 51. Kg2 Nd2 52. Ra6+ Kg5 53. Ne6+ Kh4 54. Nxg7 f3+ 55. Kh2 Nf1+ 56. Kg1 Ng3+ 57. Kh2 Rh1# 0-1


[Site "https://www.chess.com"]

[Event "Titled Tuesday Blitz November 07 Early 2023"]
[White "Haitin, Ilja"]
[Black "NovozhilovSemen"]
[WhiteFideId "4501764"]
[WhiteElo "2463"]
[BlackElo "2695"]
[Result "0-1"]
[Round "3"]
[TimeControl "180+1"]
[Date "2023.11.07"]
[WhiteClock "0:00:00"]
[BlackClock "0:00:21"]
[Board "100"]

1. Nf3 Nf6 2. g3 d5 3. Bg2 c6 4. c4 Bg4 5. h3 Bh5 6. O-O Nbd7 7. cxd5 cxd5 8. Qb3 Qb6 9. Qxb6 axb6 10. Nc3 e6 11. d3 Bd6 12. g4 Bg6 13. Nh4 O-O 14. Bd2 Rfc8 15. Rfc1 Be7 16. Nxg6 hxg6 17. Be3 Ne8 18. Nb5 Rc6 19. Nd4 Rc5 20. a3 Nd6 21. Nb3 Rcc8 22. Rxc8+ Rxc8 23. Rc1 Rc6 24. Nd4 Rxc1+ 25. Bxc1 Bf6 26. Nb3 g5 27. Kf1 Nc5 28. Nxc5 bxc5 29. Ke1 b5 30. Kd1 Kf8 31. Kc2 Ke7 32. b3 Kd7 33. a4 Kc6 34. f4 gxf4 35. Bxf4 Nb7 36. e4 bxa4 37. bxa4 Bd4 38. exd5+ exd5 39. h4 f6 40. h5 Nd8 41. Bd2 Ne6 42. Bf3 Be5 43. Be3 Nc7 44. h6 gxh6 45. Bxh6 Kb6 46. Bf8 Ne6 47. Bxd5 Nxf8 48. Kb3 Ka5 49. Kc4 Bd4 50. Bf7 Nd7 51. Be6 Ne5+ 52. Kd5 Nxd3 53. Ke4 Ne5 54. Kd5 Kxa4 55. Ke4 Kb4 56. Kf5 Nd3 57. g5 fxg5 58. Kxg5 Nb2 59. Kg6 Kc3 60. Kf5 Kd3 61. Kf4 Nc4 62. Kf5 Nd6+ 63. Kg4 Ke4 64. Kg5 Ke5 65. Bg8 Ne4+ 66. Kg6 Nf6 67. Ba2 Nd5 68. Kg5 Ne3 69. Bb3 c4 70. Bxc4 Nxc4 0-1


[Site "https://www.chess.com"]

[Event "Titled Tuesday Blitz November 07 Early 2023"]
[White "vishwa_vijeta"]
[Black "vlajkovicS"]
[WhiteElo "2462"]
[BlackElo "2693"]
[Result "1-0"]
[Round "3"]
[TimeControl "180+1"]
[Date "2023.11.07"]
[WhiteClock "0:01:46"]
[BlackClock "0:02:49"]
[Board "101"]

1. e4 a6 2. c4 e6 3. Nc3 c6 4. Nf3 b5 5. d4 b4 6. Ne2 d5 7. exd5 cxd5 8. cxd5 exd5 9. Nf4 Nf6 10. Bd3 Be7 11. O-O O-O 12. Bd2 Nc6 13. Rc1 Na5 14. Re1 Bb7 15. a3 bxa3 16. Bxa5 Qxa5 17. Rxe7 axb2 18. Rb1 Qb4 19. Re2 Bc6 20. Rexb2 Qd6 21. Ne5 Be8 22. Rb6 Qc7 23. Rxf6 gxf6 24. Qg4+ Kh8 25. Qf5 1-0


[Site "https://www.chess.com"]

[Event "Titled Tuesday Blitz November 07 Early 2023"]
[White "Aradhya, Garg"]
[Black "Mazurkiewicz, Michal"]
[WhiteFideId "25006746"]
[BlackFideId "1124943"]
[WhiteElo "2689"]
[BlackElo "2461"]
[Result "1-0"]
[Round "3"]
[TimeControl "180+1"]
[Date "2023.11.07"]
[WhiteClock "0:01:12"]
[BlackClock "0:00:05"]
[Board "102"]

1. d4 Nf6 2. c4 e5 3. dxe5 Ng4 4. Bf4 Nc6 5. Nf3 Bb4+ 6. Nc3 Bxc3+ 7. bxc3 Qe7 8. Qd5 f6 9. exf6 Nxf6 10. Qd3 d6 11. e3 Ne4 12. Be2 Bf5 13. Nd4 Bg6 14. Nxc6 bxc6 15. Qd4 O-O 16. O-O c5 17. Qd5+ Bf7 18. Qd3 Bg6 19. Bf3 Rae8 20. Qd5+ Kh8 21. Rac1 Bf7 22. Qd3 Bg6 23. Qe2 Qf6 24. Bxe4 Bxe4 25. f3 Bc6 26. Bg3 Rb8 27. e4 Rb6 28. e5 Qe6 29. Rfe1 Re8 30. Qd3 d5 31. cxd5 Bxd5 32. c4 Bc6 33. f4 Rb2 34. Rc2 Rxc2 35. Qxc2 g6 36. Bh4 Rb8 37. h3 Rb4 38. Rc1 a5 39. Qd2 Qd7 40. Qxd7 Bxd7 41. Be7 Rb2 42. a3 Bc6 43. g4 Rg2+ 44. Kf1 Rh2 45. Rc3 Rh1+ 46. Kf2 Rh2+ 47. Kg3 Rg2+ 48. Kh4 Kg7 49. Bxc5 h6 50. Be7 Rb2 51. g5 h5 52. e6 a4 53. Bf6+ Kf8 54. Rd3 Rb3 55. Rd8+ Be8 56. Rc8 Rxa3 57. Rxc7 Rb3 58. Rh7 Bf7 59. Rh8+ Bg8 60. e7+ Kf7 61. Rxg8 Kxg8 62. e8=Q+ Kh7 63. Qh8# 1-0


[Site "https://www.chess.com"]

[Event "Titled Tuesday Blitz November 07 Early 2023"]
[White "Harikrishnan.A.Ra"]
[Black "kuanysh1981"]
[WhiteFideId "5081483"]
[WhiteElo "2688"]
[BlackElo "2461"]
[Result "1-0"]
[Round "3"]
[TimeControl "180+1"]
[Date "2023.11.07"]
[WhiteClock "0:01:08"]
[BlackClock "0:01:24"]
[Board "103"]

1. b3 e6 2. Bb2 Nf6 3. e3 d5 4. f4 Be7 5. Nf3 O-O 6. Be2 Nfd7 7. O-O Bf6 8. d4 c5 9. Nbd2 Nc6 10. Ne5 Qb6 11. c3 cxd4 12. cxd4 Ndxe5 13. fxe5 Be7 14. Bd3 Bd7 15. Rc1 f5 16. exf6 Bxf6 17. Nf3 e5 18. dxe5 Qxe3+ 19. Kh1 Be7 20. Bb1 Be6 21. Qd3 g6 22. Qxe3 1-0


[Site "https://www.chess.com"]

[Event "Titled Tuesday Blitz November 07 Early 2023"]
[White "Godzwon, Iwo"]
[Black "Kashtanov, Ruslan"]
[WhiteFideId "21802483"]
[BlackFideId "4124871"]
[WhiteElo "2687"]
[BlackElo "2458"]
[Result "1-0"]
[Round "3"]
[TimeControl "180+1"]
[Date "2023.11.07"]
[WhiteClock "0:00:47"]
[BlackClock "0:00:01"]
[Board "104"]

1. e4 c6 2. d4 d5 3. f3 dxe4 4. fxe4 e5 5. Nf3 Bg4 6. Bc4 Nd7 7. O-O Ngf6 8. c3 Bd6 9. Bg5 O-O 10. Nbd2 Qc7 11. Kh1 Rae8 12. Qc2 h6 13. Bh4 Kh8 14. Rae1 Nh5 15. h3 Be6 16. d5 cxd5 17. exd5 Nb6 18. dxe6 Nxc4 19. exf7 Rxf7 20. Nxc4 Qxc4 21. Qg6 Nf6 22. Nd2 Qe6 23. Ne4 Be7 24. Ng3 Ref8 25. Nf5 Bd8 26. b3 e4 27. c4 Qc6 28. Ne3 Nh7 29. Qxc6 Bxh4 30. Rxf7 bxc6 31. Rxf8+ Nxf8 32. Re2 Ne6 33. Nf5 1-0


[Site "https://www.chess.com"]

[Event "Titled Tuesday Blitz November 07 Early 2023"]
[White "Koellner, Ruben Gideon"]
[Black "ploxoi"]
[WhiteFideId "12993093"]
[WhiteElo "2685"]
[BlackElo "2456"]
[Result "1-0"]
[Round "3"]
[TimeControl "180+1"]
[Date "2023.11.07"]
[WhiteClock "0:02:32"]
[BlackClock "0:01:33"]
[Board "105"]

1. d4 e6 2. Nf3 d5 3. e3 Nf6 4. Nbd2 b6 5. Bd3 c5 6. c3 Bd6 7. Ne5 Qc7 8. f4 O-O 9. g4 Ba6 10. Bc2 cxd4 11. exd4 Nc6 12. g5 Nd7 13. Rg1 Rac8 14. Bxh7+ Kxh7 15. Qh5+ Kg8 16. Rg3 Bxe5 17. Rh3 f5 18. g6 Nf6 19. Qh8# 1-0


[Site "https://www.chess.com"]

[Event "Titled Tuesday Blitz November 07 Early 2023"]
[White "Escudero Donoso, Felipe"]
[Black "carokannlover213"]
[WhiteFideId "3410595"]
[WhiteElo "2454"]
[BlackElo "2685"]
[Result "0-1"]
[Round "3"]
[TimeControl "180+1"]
[Date "2023.11.07"]
[WhiteClock "0:01:12"]
[BlackClock "0:01:49"]
[Board "106"]

1. d4 g6 2. c4 Bg7 3. Nc3 c5 4. Nf3 cxd4 5. Nxd4 Nc6 6. Nc2 Bxc3+ 7. bxc3 Qa5 8. Bd2 f5 9. g3 Nf6 10. Bg2 d6 11. O-O O-O 12. Nd4 Ne4 13. Qc2 Nxd4 14. cxd4 Nxd2 15. Rfd1 Ne4 16. Rd3 Bd7 17. Rb1 Rab8 18. Qb2 b5 19. Ra3 Qc7 20. c5 dxc5 21. dxc5 Qxc5 22. e3 b4 23. Rd3 Be6 24. Rd4 Nc3 25. Re1 Bxa2 26. h4 Bf7 27. h5 e5 28. Rd2 Na4 29. Qb1 b3 30. hxg6 hxg6 31. Rd7 Rbd8 32. Rxf7 Rxf7 33. Qxb3 Qc3 34. Qb1 Rfd7 35. Bc6 Qxe1+ 36. Qxe1 Rd1 0-1


[Site "https://www.chess.com"]

[Event "Titled Tuesday Blitz November 07 Early 2023"]
[White "McBryde, Lamel"]
[Black "Adla, Diego"]
[WhiteFideId "2058596"]
[BlackFideId "100072"]
[WhiteElo "2450"]
[BlackElo "2672"]
[Result "1/2-1/2"]
[Round "3"]
[TimeControl "180+1"]
[Date "2023.11.07"]
[WhiteClock "0:00:11"]
[BlackClock "0:00:17"]
[Board "107"]

1. Nf3 d5 2. e3 Nf6 3. b3 Bg4 4. Bb2 e6 5. d4 Nbd7 6. a3 Bd6 7. Be2 O-O 8. Nbd2 c6 9. Ne5 Bxe2 10. Qxe2 Qc7 11. f4 Rac8 12. c4 c5 13. Rc1 dxc4 14. bxc4 Rfd8 15. O-O Nf8 16. Rf3 b6 17. Rcf1 Ng6 18. Rh3 cxd4 19. exd4 b5 20. c5 Bxc5 21. dxc5 Qxc5+ 22. Kh1 Qc2 23. Nxg6 hxg6 24. Bxf6 Rxd2 25. Qe5 Rd5 26. Qa1 gxf6 27. Qxf6 Rh5 28. Rxh5 gxh5 29. f5 Qc3 30. Qg5+ Qg7 31. Qxh5 Rc5 32. h3 Rxf5 33. Rxf5 exf5 34. Qxf5 Qa1+ 35. Kh2 Qxa3 36. Qg5+ Kh7 37. Qh5+ Kg7 38. Qg5+ Kf8 39. Qd8+ Kg7 40. Qg5+ Kh8 41. Qh6+ Kg8 42. Qg5+ Kf8 43. Qd8+ Kg7 44. Qg5+ 1/2-1/2


[Site "https://www.chess.com"]

[Event "Titled Tuesday Blitz November 07 Early 2023"]
[White "Arifarsky"]
[Black "Kanyamarala, Tarun"]
[BlackFideId "45004714"]
[WhiteElo "2669"]
[BlackElo "2449"]
[Result "1-0"]
[Round "3"]
[TimeControl "180+1"]
[Date "2023.11.07"]
[WhiteClock "0:01:05"]
[BlackClock "0:00:13"]
[Board "108"]

1. e4 c5 2. Nf3 e6 3. d4 cxd4 4. Nxd4 a6 5. Nc3 b5 6. Bd3 Bb7 7. Qe2 Nc6 8. Nxc6 Bxc6 9. O-O Qb8 10. a4 b4 11. Nd5 Bd6 12. h3 Ne7 13. Nxe7 Bxe7 14. Bxa6 Qb6 15. Bd3 Rxa4 16. Rxa4 Bxa4 17. b3 Bc6 18. Bb2 O-O 19. Qg4 f6 20. Kh1 Bc5 21. Qg3 Bd4 22. Bc1 Ra8 23. Bh6 g6 24. e5 Bxe5 25. f4 Kf7 26. fxe5 f5 27. Qh4 Qd8 28. Bg5 Qh8 29. Bf6 Qg8 30. Kg1 1-0


[Site "https://www.chess.com"]

[Event "Titled Tuesday Blitz November 07 Early 2023"]
[White "Perdomo, Leandro"]
[Black "Herman, Daniel"]
[WhiteFideId "109746"]
[BlackFideId "30935008"]
[WhiteElo "2669"]
[BlackElo "2447"]
[Result "1-0"]
[Round "3"]
[TimeControl "180+1"]
[Date "2023.11.07"]
[WhiteClock "0:01:24"]
[BlackClock "0:00:04"]
[Board "109"]

1. d4 Nf6 2. c4 g6 3. Nc3 Bg7 4. e4 O-O 5. f3 d6 6. Be3 c5 7. Nge2 Nc6 8. d5 Na5 9. Ng3 a6 10. Rc1 Bd7 11. Be2 b5 12. b3 Rb8 13. O-O bxc4 14. bxc4 Rb4 15. Nb1 Ba4 16. Qe1 Rb2 17. Nc3 Bd7 18. Rb1 Qb6 19. e5 dxe5 20. Nge4 Nxe4 21. Nxe4 Rxb1 22. Qxb1 Qxb1 23. Rxb1 Bf5 24. Bd2 Nxc4 25. Bxc4 Rd8 26. Ba5 Rc8 27. Rb7 Bxe4 28. fxe4 Bh6 29. Rxe7 Rb8 30. d6 Rb2 31. d7 Be3+ 32. Kf1 Rf2+ 33. Ke1 Rxg2 34. d8=Q+ Kg7 35. Rxf7+ Kh6 36. Qh4# 1-0


[Site "https://www.chess.com"]

[Event "Titled Tuesday Blitz November 07 Early 2023"]
[White "szachmistrz2500"]
[Black "Jakubowski, Krzysztof"]
[BlackFideId "1112848"]
[WhiteElo "2444"]
[BlackElo "2664"]
[Result "0-1"]
[Round "3"]
[TimeControl "180+1"]
[Date "2023.11.07"]
[WhiteClock "0:02:12"]
[BlackClock "0:01:47"]
[Board "110"]

1. Nf3 Nf6 2. g3 d5 3. Bg2 Bf5 4. d3 e6 5. O-O h6 6. Nbd2 Be7 7. Qe1 O-O 8. e4 Bh7 9. Ne5 Nbd7 10. Nxd7 Qxd7 11. Qe2 c5 12. e5 Ne8 13. f4 a5 14. g4 a4 15. Qf2 Nc7 16. f5 f6 17. exf6 Bxf6 18. Qxc5 a3 19. Rb1 exf5 20. gxf5 Bxf5 21. Rxf5 Qxf5 22. Qxc7 axb2 23. Bxb2 Bxb2 24. Rxb2 Qf2+ 25. Kh1 Qe1+ 26. Nf1 Rxf1+ 27. Bxf1 Qxf1# 0-1


[Site "https://www.chess.com"]

[Event "Titled Tuesday Blitz November 07 Early 2023"]
[White "Ishbaev, Alibek"]
[Black "Borgaonkar Akshay"]
[WhiteFideId "14205017"]
[BlackFideId "25639110"]
[WhiteElo "2440"]
[BlackElo "2657"]
[Result "0-1"]
[Round "3"]
[TimeControl "180+1"]
[Date "2023.11.07"]
[WhiteClock "0:00:08"]
[BlackClock "0:00:17"]
[Board "112"]

1. c4 g6 2. Nc3 Bg7 3. e4 d6 4. g3 c5 5. Bg2 Nc6 6. Nge2 h5 7. h3 Nf6 8. d3 a6 9. Be3 Bd7 10. O-O Qc8 11. Kh2 h4 12. g4 Ne5 13. f3 b5 14. b3 b4 15. Nd5 Nxd5 16. exd5 f5 17. f4 Nf7 18. g5 Bxa1 19. Qxa1 Qc7 20. Qg7 Rf8 21. Qxg6 O-O-O 22. d4 Qa5 23. Nc1 Be8 24. dxc5 dxc5 25. Qxf5+ Bd7 26. Qe4 Nd6 27. Qf3 Bf5 28. Qf2 Nb7 29. Re1 Qc7 30. Qxh4 Rh8 31. Qg3 Nd6 32. Qf2 Qd7 33. Qg3 Ne4 34. Bxe4 Rxh3+ 35. Qxh3 Bxh3 36. Bxc5 Rh8 37. Kg1 Qg4+ 38. Kf2 Qxf4+ 39. Bf3 Bg4 40. Re3 Rh2+ 41. Kg1 Qg3+ 42. Kf1 Bh3+ 43. Bg2 Qxg2+ 44. Ke1 Qh1# 0-1


[Site "https://www.chess.com"]

[Event "Titled Tuesday Blitz November 07 Early 2023"]
[White "Novikova, Galina"]
[Black "Melian, Juan Sebastian"]
[WhiteFideId "4157095"]
[BlackFideId "3706575"]
[WhiteElo "2439"]
[BlackElo "2655"]
[Result "0-1"]
[Round "3"]
[TimeControl "180+1"]
[Date "2023.11.07"]
[WhiteClock "0:00:00"]
[BlackClock "0:00:05"]
[Board "113"]

1. e4 c5 2. Nf3 e6 3. b4 d5 4. e5 Nc6 5. bxc5 Bxc5 6. d4 Be7 7. c3 Nh6 8. Bd3 Nf5 9. O-O O-O 10. Na3 a6 11. Nc2 Rb8 12. Ne3 f6 13. a4 fxe5 14. dxe5 Bc5 15. Nxf5 exf5 16. Bf4 Be6 17. Bc2 h6 18. Nd4 Bxd4 19. cxd4 Qb6 20. Qh5 Nxd4 21. Rab1 Qc6 22. Bd3 Qe8 23. Qh3 Qf7 24. Rfd1 Rfc8 25. Be3 Nc6 26. Bb6 Nxe5 27. Bf1 Nc4 28. Bd4 Qg6 29. Qc3 Rc6 30. Qe1 b5 31. axb5 axb5 32. Ra1 b4 33. Ra7 Bf7 34. Qe7 b3 35. Re1 Re8 36. Qd7 Rxe1 37. Ra8+ Kh7 38. Qd8 Rxf1+ 39. Kxf1 Qe6 40. Qh8+ Kg6 41. Be3 f4 42. h4 Nxe3+ 43. fxe3 Rc1+ 0-1


[Site "https://www.chess.com"]